 Dungeon Crawl Stone Soup version 0.22.1-2-g9c5b331 (webtiles) character file.

982 Gearfox the Fighter (level 7, -1/68 HPs)
             Began as a Minotaur Fighter on Dec 5, 2018.
             Slain by a two-headed ogre
             ... wielding a +0 giant club
              (21 damage)
             ... on level 4 of the Dungeon.
             The game lasted 00:12:24 (4549 turns).

Gearfox the Fighter (Minotaur Fighter)              Turns: 4549, Time: 00:12:25

Health: -1/68      AC:  6    Str: 22    XL:     7   Next: 96%
Magic:  6/6        EV:  9    Int:  5    God:
Gold:   264        SH:  0    Dex: 10    Spells: 6/6 levels left

rFire    . . .     SeeInvis .   a - +1 long sword
rCold    . . .     Gourm    .   (no shield)
rNeg     . . .     Faith    .   b - +0 scale mail
rPois    .         Spirit   .   (helmet restricted)
rElec    .         Reflect  .   (no cloak)
rCorr    .         Harm     .   (no gloves)
MR       .....                  (no boots)
Stlth    ..........             (no amulet)
HPRegen  0.21/turn              (no ring)
MPRegen  0.10/turn              (no ring)

@: no status effects
A: retaliatory headbutt, horns 2
a: no special abilities


You were on level 4 of the Dungeon.
You were not hungry.

You visited 1 branch of the dungeon, and saw 5 of its levels.

You collected 264 gold pieces.

Inventory:

Hand Weapons
 a - a +1 long sword (weapon)
 h - a +0 mace of holy wrath
 n - a +1 hand axe of electrocution
 r - a +0 falchion
Armour
 b - a +0 scale mail (worn)
 c - a +0 shield
 d - a +0 large shield
Wands
 o - a wand of enslavement (1)
Scrolls
 q - a scroll of fear
Potions
 g - a potion of flight
 i - a potion of ambrosia
 j - a potion of curing {unknown}
 k - a potion of brilliance {unknown}
 l - a potion of resistance {unknown}
 m - a potion of berserk rage {unknown}
 s - a potion of invisibility {unknown}
Comestibles
 f - 6 rations


   Skills:
 - Level 8.1 Fighting
 - Level 8.1 Long Blades
 + Level 1.4(1.5) Axes
 - Level 0.5(1.1) Maces & Flails
 - Level 3.6 Armour
 - Level 3.6 Shields
 + Level 1.0 Evocations


You had 6 spell levels left.
You didn't know any spells.
Your spell library was empty.

Dungeon Overview and Level Annotations

Branches:
Dungeon (5/15)
 Temple: D:4-7

Altars:
Qazlal
Uskayaw

Annotations:
D:3 3 runed doors, RoboWizard's ghost, amateur MiFi


Innate Abilities, Weirdness & Mutations

You reflexively headbutt those who attack you in melee.
You have a pair of horns on your head.


Message History

Your headbutt misses the two-headed ogre.
The two-headed ogre is lightly wounded.
The two-headed ogre closely misses you.
Unknown command.
The two-headed ogre barely misses you.
You riposte.
You hit the two-headed ogre but do no damage.
The two-headed ogre is lightly wounded.
The two-headed ogre hits you with a giant club!!
* * * LOW HITPOINT WARNING * * *
You climb upwards.
There is a stone staircase leading down here.
Aiming: Enslavement
Press: ? - help, Shift-Dir - straight line, f - two-headed ogre
Aim: a two-headed ogre, wielding two giant clubs (lightly wounded, chance to The two-headed ogre is charmed.
You swap places.
You start resting.
The two-headed ogre is no longer charmed.
The two-headed ogre hits you with a giant club!!
You die...

#......#.###.#.#......#########
######.#.#<#.#.#....#.#......(.
#....#.#...................
#...............#.#.#######
#...#####.......#.#.#
###...............#.#.#
#.......###......##.#.#
#...(...# #......##.#.#
#.......###.@....##.#.#######
#..........O.................
#........###.######.#.#######
#........'...# #.#.###....
#........##### #..........
#......### ###.###.... #......#
#.# #.... #......# ###### #.#
#.... ######.# ###....#####.#
#####


You could see a two-headed ogre.

Vanquished Creatures
  Edmund (D:4)
  A water moccasin (D:5)
  A phantom (D:4)
  A sky beast (D:5)
  A scorpion (D:4)
  A howler monkey (D:4)
  2 crimson imps (D:5)
  A bullfrog zombie (D:5)
  2 hounds
  3 bullfrog skeletons
  2 orc priests
  Ijyb (D:3)
  A worker ant (D:4)
  A gnoll (D:5)
  6 adders
  An adder skeleton (D:4)
  2 worms
  3 leopard geckos
  10 orcs
  8 bats
  4 giant cockroaches
  2 goblins
  8 hobgoblins
  3 jackals (D:2)
  3 quokkas
  7 frilled lizards
  3 kobolds
  7 rats
86 creatures vanquished.

Notes
Turn   | Place    | Note
-------+----------+-------------------------------------------
     0 | D:1      | Gearfox the Minotaur Fighter began the quest for the Orb.
     0 | D:1      | Reached XP level 1. HP: 19/19 MP: 0/0
   176 | D:1      | Reached XP level 2. HP: 26/26 MP: 1/1
   785 | D:2      | Found a hide-covered altar of Uskayaw.
   802 | D:2      | Reached XP level 3. HP: 25/33 MP: 2/2
  1399 | D:2      | Found a stormy altar of Qazlal.
  1457 | D:2      | Reached skill level 5 in Fighting
  1497 | D:3      | Reached XP level 4. HP: 42/42 MP: 3/3
  1541 | D:3      | Noticed RoboWizard's ghost (amateur MiFi)
  1585 | D:3      | Found a runed gate.
  1586 | D:3      | Found a runed gate.
  1606 | D:3      | Found a runed gate.
  2131 | D:3      | Reached XP level 5. HP: 50/50 MP: 4/4
  2387 | D:3      | Noticed Ijyb
  2428 | D:3      | Killed Ijyb
  2954 | D:4      | Reached XP level 6. HP: 55/60 MP: 5/5
  3262 | D:4      | Noticed Edmund
  3273 | D:4      | Killed Edmund
  3273 | D:4      | Reached skill level 5 in Long Blades
  3275 | D:4      | Reached XP level 7. HP: 35/68 MP: 6/6
  3955 | D:5      | Entered Level 5 of the Dungeon
  4419 | D:5      | Noticed a two-headed ogre
  4421 | D:5      | Reached skill level 1 in Axes
  4531 | D:5      | Reached skill level 1 in Evocations
  4549 | D:4      | Slain by a two-headed ogre

Skill      XL: |  1  2  3  4  5  6  7 |
---------------+----------------------+-----
Long Blades    | 3 5 8 |  8.1
Fighting       | 4 5 6 7 8 |  8.1
Axes           | 1 |  1.4
Evocations     | 1 |  1.0
Maces & Flails | |  0.5
Armour         | |  3.6
Shields        | |  3.6

Action                   |  1- 3 |  4- 6 |  7- 9 || total
-------------------------+-------+-------+-------++-------
Melee: Long sword        |    81 |    36 |    60 ||   177
       Headbutt          |    10 |    27 |     7 ||    44
       Mace              |       |    88 |       ||    88
Evoke: Wand              |       |       |     1 ||     1
  Use: Scroll            |     1 |     5 |     2 ||     8
       Potion            |       |     1 |     1 ||     2
  Eat: Chunk             |     2 |     1 |     1 ||     4
       Ration            |       |     1 |     2 ||     3
Armor: Scale mail        |    67 |    76 |    22 ||   165
Dodge: Dodged            |    58 |   100 |    37 ||   195
Block: Shield            |    28 |       |       ||    28
       Rpst.: Long sword |    11 |     6 |     9 ||    26
